 Dungeon Crawl Stone Soup version 0.24.1 (webtiles) character file.

Game seed: 4270589053656015543, levelgen mode: deterministic

2592 Fukker the Thaumaturge (level 9, -4/65 HPs)
             Began as a Gnoll Wizard on Nov 10, 2019.
             Was a Follower of Ashenzari.
             Slain by a two-headed ogre
             ... wielding a +0 giant club
              (10 damage)
             ... on level 7 of the Dungeon on Mar 25, 2020.
             The game lasted 00:25:35 (7259 turns).

Fukker the Thaumaturge (Gnoll Wizard)               Turns: 7259, Time: 00:25:36

Health: -4/65      AC:  3    Str:  9    XL:     9   Next: 58%
Magic:  28/30      EV: 15    Int: 25    God:    Ashenzari [*.....]
Gold:   203        SH:  0    Dex: 13    Spells: 13/24 levels left

rFire    + . .     SeeInvis .   A - +1 flail of Tyg Zeso {flame, rF+ rC+} (curse)
rCold    + . .     Gourm    .   (no shield)
rNeg     . . .     Faith    .   D - +0 robe {MR+}
rPois    .         Spirit   .   b - +0 hat
rElec    .         Reflect  .   (no cloak)
rCorr    .         Harm     .   K - +0 pair of gloves
MR       +....                  (no boots)
Stlth    +++.......             (no amulet)
HPRegen  0.20/turn              E - ring of wizardry
MPRegen  0.22/turn              t - ring of magical power

@: no status effects
A: distributed training, fangs 1, strong nose
a: Curse Item, Scrying, Renounce Religion


You were on level 7 of the Dungeon.
You worshipped Ashenzari.
Ashenzari was aware of your devotion.
You were not hungry.

You visited 1 branch of the dungeon, and saw 7 of its levels.

You collected 203 gold pieces.

Inventory:

Hand Weapons
 e - a +0 short sword
 A - the cursed +1 flail of Tyg Zeso (weapon) {flame, rF+ rC+}
   (You found it on level 6 of the Dungeon)

   It has been specially enchanted to burn those struck by it, causing extra
   injury to most foes and up to half again as much damage against particularly
   susceptible opponents.
   It protects you from fire.
   It protects you from cold.
   It has a curse placed upon it.
 B - a +0 hunting sling
 C - a +2 dagger of pain
Missiles
 f - 197 stones
 g - 33 bolts
 o - 56 sling bullets
 r - 43 arrows
 s - 33 poisoned darts
 G - a throwing net
 J - 3 javelins (quivered)
Armour
 a - a +0 robe
 b - a +0 hat (worn)
 D - a +0 robe of magic resistance (worn)
 K - a +0 pair of gloves (worn)
Jewellery
 h - an uncursed ring of protection from magic
 i - an uncursed ring of resist corrosion
 t - a ring of magical power (right hand)
 x - a +2 ring of dexterity
 y - an uncursed amulet of guardian spirit
 E - a ring of wizardry (left hand)
Scrolls
 c - a scroll of enchant weapon {unknown}
 j - 7 scrolls of identify {unknown}
 k - a scroll of random uselessness {unknown}
 m - 2 scrolls of teleportation {unknown}
 n - 2 scrolls of fog {unknown}
 p - a scroll of amnesia {unknown}
 v - 2 scrolls of remove curse
 F - a scroll of enchant armour {unknown}
 H - a scroll of holy word {unknown}
 I - 4 scrolls of fear {unknown}
 L - a scroll of immolation {unknown}
 M - a scroll of torment {unknown}
Potions
 l - a potion of brilliance
 q - a potion of agility {unknown}
 u - a potion of lignification {unknown}
 w - 3 potions of curing {unknown}
 z - a potion of heal wounds
 O - 2 potions of flight {unknown}
Comestibles
 d - 7 rations
 N - a chunk of flesh


   Skills:
 + Level 4.3 Fighting
 + Level 4.3 Short Blades
 + Level 4.3 Long Blades
 + Level 4.3 Axes
 + Level 4.3 Maces & Flails
 + Level 4.3 Polearms
 + Level 4.3 Staves
 + Level 4.3 Slings
 + Level 4.3 Bows
 + Level 4.3 Crossbows
 + Level 4.3 Throwing
 + Level 4.3 Armour
 + Level 6.3 Dodging
 + Level 6.1 Stealth
 + Level 4.3 Shields
 + Level 4.3 Unarmed Combat
 + Level 8.4 Spellcasting
 + Level 4.2 Conjurations
 + Level 3.5 Hexes
 + Level 3.5 Charms
 + Level 4.2 Summonings
 + Level 3.5 Necromancy
 + Level 4.2 Translocations
 + Level 3.5 Transmutations
 + Level 3.5 Fire Magic
 + Level 3.5 Ice Magic
 + Level 3.5 Air Magic
 + Level 3.5 Earth Magic
 + Level 3.5 Poison Magic
 + Level 4.7 Invocations
 + Level 4.3 Evocations


You had 13 spell levels left.
You knew the following spells:

 Your Spells              Type           Power        Failure   Level  Hunger
a - Magic Dart            Conj           ####         1%          1    None
b - Blink                 Tloc           N/A          1%          2    None
c - Call Imp              Summ           ####....     1%          2    None
d - Conjure Flame         Conj/Fire      ####....     1%          3    None
e - Mephitic Cloud        Conj/Pois/Air  ####....     1%          3    None

Your spell library contained the following spells:

 Spells                   Type           Power        Failure   Level  Hunger
 Beastly Appendage        Tmut           ####..       1%          1    None
 Slow                     Hex            ####....     1%          2    None
 Sticks to Snakes         Tmut           ####....     1%          2    None
 Spider Form              Tmut/Pois      ####......   1%          3    None
 Ice Form                 Ice/Tmut       ####....     5%          4    ##.....
 Blade Hands              Tmut           ####......   16%         5    ####...


Dungeon Overview and Level Annotations

Branches:
Dungeon (7/15)             Temple (0/1) D:5

Altars:
Ashenzari
Fedhas
Gozag
Hepliaklqana
Qazlal
Sif Muna
Vehumet
Wu Jian

Shops:
D:6 [


Innate Abilities, Weirdness & Mutations

Your experience applies equally to all skills.
You have very sharp teeth.
Your uncanny sense of smell can sniff out nearby items.


Message History

You are too injured to fight recklessly!
The two-headed ogre misses you. x2
Found 11 gold pieces.
You thump the two-headed ogre! You burn the two-headed ogre.
The two-headed ogre is moderately wounded.
The two-headed ogre closely misses you.
The two-headed ogre hits you with a +0 giant club!
* * * LOW HITPOINT WARNING * * *
You sock the two-headed ogre! You burn the two-headed ogre.
You bite the two-headed ogre, but do no damage.
The two-headed ogre is severely wounded.
The two-headed ogre completely misses you.
The two-headed ogre misses you.
You hit the two-headed ogre. You burn the two-headed ogre.
The two-headed ogre is severely wounded.
You hit the two-headed ogre. You burn the two-headed ogre.
The two-headed ogre is severely wounded.
The two-headed ogre completely misses you.
The two-headed ogre hits you with a +0 giant club!
You die...

...... ..#. . $....##
.... ..#. #....# ....
...####...####..#
#.....#.....#...## .
##.##.....!.......# ..
#...#...[.......###
>..##..##......@.....#
............###O##....#
.#........######...##
###..###......... #<##
#.....### .........#
###..## .......#.##
#.## ......S#...# #.#
...O........##.#####


You could see a two-headed ogre.

Vanquished Creatures
  An ugly thing (D:6)
  Sigmund (D:6)
  A hungry ghost (D:6)
  2 orc warriors (D:6)
  A phantom (D:4)
  2 ogres
  2 bullfrogs (D:6)
  A water moccasin skeleton (D:7)
  4 wights (D:6)
  5 howler monkeys
  A crimson imp (D:5)
  A hound (D:6)
  13 orc wizards
  4 orc priests
  2 bullfrog skeletons
  4 worker ants
  Natasha (thrice) (D:3)
  4 gnolls (D:5)
  A howler monkey skeleton (D:4)
  8 adders
  2 oozes (D:3)
  2 adder skeletons
  3 leopard geckos
  22 orcs
  2 bats (D:1)
  4 giant cockroaches
  8 goblins
  4 hobgoblins
  2 quokkas (D:2)
  5 frilled lizards
  7 kobolds
  7 rats
129 creatures vanquished.

Vanquished Creatures (collateral kills)
  An adder (D:2)
  2 orcs (D:4)
  A kobold (D:3)
4 creatures vanquished.

Grand Total: 133 creatures vanquished

Notes
Turn   | Place    | Note
-------+----------+-------------------------------------------
     0 | D:1      | Fukker the Gnoll Wizard began the quest for the Orb.
     0 | D:1      | Reached XP level 1. HP: 13/13 MP: 8/8
   308 | D:1      | Reached XP level 2. HP: 19/19 MP: 7/10
   312 | D:1      | Learned a level 2 spell: Blink
   315 | D:1      | Learned a level 2 spell: Call Imp
   905 | D:2      | Reached XP level 3. HP: 25/25 MP: 6/11
   961 | D:2      | Found a hazy altar of Hepliaklqana.
   991 | D:2      | Reached skill level 1 in Invocations
  1236 | D:2      | Learned a level 3 spell: Conjure Flame
  1240 | D:2      | Learned a level 3 spell: Mephitic Cloud
  1327 | D:2      | Reached skill level 1 in Fighting
  1327 | D:2      | Reached skill level 1 in Short Blades
  1327 | D:2      | Reached skill level 1 in Long Blades
  1327 | D:2      | Reached skill level 1 in Axes
  1327 | D:2      | Reached skill level 1 in Maces & Flails
  1327 | D:2      | Reached skill level 1 in Polearms
  1327 | D:2      | Reached skill level 1 in Staves
  1327 | D:2      | Reached skill level 1 in Slings
  1327 | D:2      | Reached skill level 1 in Bows
  1327 | D:2      | Reached skill level 1 in Crossbows
  1327 | D:2      | Reached skill level 1 in Throwing
  1327 | D:2      | Reached skill level 1 in Armour
  1327 | D:2      | Reached skill level 1 in Shields
  1327 | D:2      | Reached skill level 1 in Unarmed Combat
  1327 | D:2      | Reached skill level 1 in Evocations
  1327 | D:2      | Reached XP level 4. HP: 32/32 MP: 8/13
  1843 | D:3      | Found an opulent altar of Gozag.
  1843 | D:3      | Found a stormy altar of Qazlal.
  1843 | D:3      | Noticed Natasha
  1945 | D:3      | Killed Natasha
  1945 | D:3      | Reached skill level 1 in Hexes
  1945 | D:3      | Reached skill level 1 in Charms
  1945 | D:3      | Reached skill level 1 in Necromancy
  1945 | D:3      | Reached skill level 1 in Transmutations
  1945 | D:3      | Reached skill level 1 in Fire Magic
  1945 | D:3      | Reached skill level 1 in Ice Magic
  1945 | D:3      | Reached skill level 1 in Air Magic
  1945 | D:3      | Reached skill level 1 in Earth Magic
  1945 | D:3      | Reached skill level 1 in Poison Magic
  1962 | D:3      | Found a shattered altar of Ashenzari.
  1973 | D:3      | Became a worshipper of Ashenzari the Shackled
  2015 | D:3      | Found a radiant altar of Vehumet.
  2015 | D:3      | Found an ornate altar of the Wu Jian Council.
  2056 | D:3      | Reached XP level 5. HP: 37/37 MP: 14/14
  2077 | D:3      | Noticed Natasha
  2092 | D:3      | Killed Natasha
  2380 | D:3      | Noticed Natasha
  2388 | D:3      | Killed Natasha
  2593 | D:4      | Reached XP level 6. HP: 44/44 MP: 13/16
  2688 | D:4      | Found a blossoming altar of Fedhas.
  2709 | D:4      | Noticed a phantom
  2739 | D:4      | Killed a phantom
  2836 | D:4      | Reached skill level 5 in Dodging
  2931 | D:4      | Reached * piety under Ashenzari
  3028 | D:4      | Found a shimmering blue altar of Sif Muna.
  3177 | D:4      | Reached XP level 7. HP: 35/50 MP: 11/18
  3393 | D:4      | Upgraded the game from 0.24.0-13-gcf9b3192b9 to
                  | 0.24.0-28-g17ded55e90
  3644 | D:5      | Entered Level 5 of the Dungeon
  3697 | D:5      | Found a staircase to the Ecumenical Temple.
  4032 | D:5      | Reached skill level 5 in Stealth
  4646 | D:6      | Reached XP level 8. HP: 44/57 MP: 17/19
  4860 | D:6      | Noticed a cyan ugly thing
  4879 | D:6      | Killed a cyan ugly thing
  5082 | D:6      | Got the cursed flail of Tyg Zeso {flame, rF+ rC+}
  5083 | D:6      | Identified the cursed +1 flail of Tyg Zeso {flame, rF+ rC+}
                  | (You found it on level 6 of the Dungeon)
  5134 | D:6      | Reached skill level 8 in Spellcasting
  5137 | D:6      | Noticed Sigmund
  5145 | D:6      | Killed Sigmund
  5310 | D:6      | Reached XP level 9. HP: 34/65 MP: 7/21
  5841 | D:6      | Found Tief's Armour Boutique.
  6612 | D:7      | Noticed a two-headed ogre
  7215 | D:7      | Upgraded the game from 0.24.0-28-g17ded55e90 to 0.24.1
  7259 | D:7      | Slain by a two-headed ogre

Levels and vault maps discovered:
D:1:      kilobyte_arrival_exit_the_forest, layout_rooms
D:2:      layout_basic, lemuel_crystal_altar, first_ration
D:3:      layout_rooms, grunt_temple_overflow_open,
          amethyst_overflow_temple_binary, nemelex_dance_club_becter,
          uniq_natasha
D:4:      layout_gridville, kennysheep_little_box, lemuel_coloured_pillars_altar
D:5:      layout_rooms, minmay_temple_entry_trees
D:6:      layout_basic, serial_shops, nicolae_shop_crystal, uniq_sigmund
D:7:      layout_cave_pools

Skill      XL: |  1  2  3  4  5  6  7  8  9 |
---------------+----------------------------+-----
Conjurations   | 2 3 4 |  4.2
Summonings     | 2 3 4 |  4.2
Translocations | 2 3 4 |  4.2
Invocations    | 1 2 3 4 |  4.7
Fighting       | 1 2 3 4 |  4.3
Short Blades   | 1 2 3 4 |  4.3
Long Blades    | 1 2 3 4 |  4.3
Axes           | 1 2 3 4 |  4.3
Maces & Flails | 1 2 3 4 |  4.3
Polearms       | 1 2 3 4 |  4.3
Staves         | 1 2 3 4 |  4.3
Slings         | 1 2 3 4 |  4.3
Bows           | 1 2 3 4 |  4.3
Crossbows      | 1 2 3 4 |  4.3
Throwing       | 1 2 3 4 |  4.3
Armour         | 1 2 3 4 |  4.3
Shields        | 1 2 3 4 |  4.3
Unarmed Combat | 1 2 3 4 |  4.3
Evocations     | 1 2 3 4 |  4.3
Hexes          | 1 2 3 |  3.5
Charms         | 1 2 3 |  3.5
Necromancy     | 1 2 3 |  3.5
Transmutations | 1 2 3 |  3.5
Fire Magic     | 1 2 3 |  3.5
Ice Magic      | 1 2 3 |  3.5
Air Magic      | 1 2 3 |  3.5
Earth Magic    | 1 2 3 |  3.5
Poison Magic   | 1 2 3 |  3.5
Dodging        | 5 6 |  6.3
Stealth        | 5 6 |  6.1
Spellcasting   | 8 |  8.4

Action                   |  1- 3 |  4- 6 |  7- 9 || total
-------------------------+-------+-------+-------++-------
Melee: Short sword       |    11 |    62 |       ||    73
       Bite              |     2 |     8 |     9 ||    19
       Punch             |       |     1 |     2 ||     3
       Dagger            |       |       |    56 ||    56
       Flail             |       |       |    98 ||    98
Throw: Javelin           |       |       |     7 ||     7
 Cast: Magic Dart        |    64 |    71 |   169 ||   304
       Call Imp          |       |    12 |     2 ||    14
       Mephitic Cloud    |       |     7 |     9 ||    16
       Conjure Flame     |       |     4 |    17 ||    21
       Blink             |       |       |     4 ||     4
  Use: Potion            |       |       |     2 ||     2
 Stab: Sleeping          |       |     4 |     2 ||     6
       Confused          |       |     3 |     2 ||     5
  Eat: Chunk             |     1 |     6 |    14 ||    21
Armor: Robe              |     1 |     5 |    22 ||    28
Dodge: Dodged            |    10 |    52 |   121 ||   183
